WCHLSIM.com - West Coast Hockey League
html PUBLIC "-//W3C//DTD XHTML 1.0 Transitional//EN" "http://www.w3.org/TR/xhtml1/DTD/xhtml1-transitional.dtd"> WCHL - Game 927 - SACRAMENTO BANDITS vs SAN JOSE BRONCOS

SACRAMENTO BANDITS vs SAN JOSE BRONCOS

Created - 29 février 2020 at 11:36

Goals
1 2 3 OT1 SO T
SACRAMENTO BANDITS 2 1 1 0 0 4
SAN JOSE BRONCOS 1 1 2 0 1 5
Shots
1 2 3 OT1 SO T
SACRAMENTO BANDITS 12 7 13 4 6 36
SAN JOSE BRONCOS 6 11 13 3 6 33

1st period

1. SAN JOSE BRONCOS , Evgeni Malkin 19 (Connor Brown 12, Jaccob Slavin 26) at 4:36
2. SACRAMENTO BANDITS , Claude Giroux 38 (Nick Schmaltz 24, Jamie Benn 28) at 6:18
3. SACRAMENTO BANDITS , Aleksander Barkov 35 (Jakub Voracek 24, Aaron Ekblad 10) at 14:52

Penalties :
Brady Skjei (SJO) for Hooking (Minor) at 2:02, Mattias Ekholm (SAC) for Interference (Minor) at 12:31

2nd period

4. SACRAMENTO BANDITS , Scott Laughton 7 (Aaron Ekblad 11, Mattias Ekholm 14) at 2:10
5. SAN JOSE BRONCOS , Oliver Bjorkstrand 11 (Adam Pelech 8, Nick Bonino 11) at 8:13

Penalties :
Dustin Brown (SJO) for Hooking (Minor) at 9:20, Aaron Ekblad (SAC) for Holding (Minor) at 18:51

3rd period

6. SAN JOSE BRONCOS , Connor Brown 10 (Evgeni Malkin 34, Jaccob Slavin 27) at 9:18
7. SACRAMENTO BANDITS , Jordan Martinook 7 (Kevin Connauton 11, Vince Dunn 4) at 15:42
8. SAN JOSE BRONCOS , Alexander Radulov 26 (Oliver Bjorkstrand 14) at 18:54

Penalties :
Brooks Orpik (SJO) for Hooking (Minor) at 1:59, Jamie Benn (SAC) for Roughing (Minor) at 1:59, Mattias Ekholm (SAC) for Tripping (Minor) at 5:45

Overtime #1

No Goal

Penalties :
No Penalty

Shootout

SACRAMENTO BANDITS, Nick Schmaltz - Stopped by Jacob Markstrom
SAN JOSE BRONCOS, Alexander Radulov - Stopped by Andrei Vasilevskiy
SACRAMENTO BANDITS, Jonathan Huberdeau - Stopped by Jacob Markstrom
SAN JOSE BRONCOS, Evgeni Malkin - Stopped by Andrei Vasilevskiy
SACRAMENTO BANDITS, Claude Giroux - Stopped by Jacob Markstrom
SAN JOSE BRONCOS, Zach Parise - Stopped by Andrei Vasilevskiy
SACRAMENTO BANDITS, Jakub Voracek - Shot Misses the Net
SAN JOSE BRONCOS, Dustin Brown - Stopped by Andrei Vasilevskiy
SACRAMENTO BANDITS, Jamie Benn - Stopped by Jacob Markstrom
SAN JOSE BRONCOS, Connor Brown - Shot Misses the Net
SACRAMENTO BANDITS, Aleksander Barkov - Stopped by Jacob Markstrom
SAN JOSE BRONCOS, Mikko Koivu - Goal!

Penalties :
No Penalty

Goalie Stats

Andrei Vasilevskiy (SAC), 29 saves from 33 shots - (0,879), OTL, 36-16-7, 65:00 minutes
Jacob Markstrom (SJO), 32 saves from 36 shots - (0,889), W, 33-16-3, 65:00 minutes

Players Stats for SACRAMENTO BANDITS

Player Name              G  A  P  +/- PIM S  H  SB GA TA FO     MP     PP MP  PK MP  
------------------------------------------------------------------------------------
Aaron Ekblad             0  2  2   1  2   0  4  2  0  0  0/0    23:51   2:01   2:23 
Aleksander Barkov        1  0  1   1  0   1  1  0  0  0  13/25  18:49   0:00   0:00 
Antoine Roussel          0  0  0   1  0   0  1  0  0  0  0/0     5:40   1:10   0:00 
Claude Giroux            1  0  1   0  0   2  0  0  0  0  19/27  22:10   2:35   0:00 
Clayton Keller           0  0  0  -2  0   4  0  0  0  0  0/2    11:43   1:44   0:00 
Drake Caggiula           0  0  0   1  0   0  0  0  0  0  2/3     4:30   0:00   0:00 
Ivan Provorov            0  0  0  -1  0   0  1  2  0  0  0/0    24:32   0:00   4:33 
Jakub Voracek            0  1  1   1  0   3  0  0  0  0  1/4    23:04   2:14   0:00 
Jamie Benn               0  1  1   0  2   4  5  0  0  0  0/0    21:46   1:44   4:20 
John Carlson             0  0  0  -1  0   2  3  2  0  0  0/0    24:42   1:57   0:06 
Jonathan Huberdeau       0  0  0   1  0   7  0  0  0  0  1/1    21:37   0:00   0:00 
Jordan Martinook         1  0  1  -2  0   3  0  2  0  0  9/22   14:19   0:00   4:20 
Jujhar Khaira            0  0  0  -2  0   0  2  1  0  0  0/0     9:15   0:00   0:00 
Kevin Connauton          0  1  1   0  0   1  0  0  0  0  0/0    13:17   0:00   1:45 
Mattias Ekholm           0  1  1   1  4   0  4  3  0  0  0/0    22:49   1:57   1:05 
Nick Schmaltz            0  1  1   0  0   4  0  0  0  0  2/9    22:52   2:27   1:37 
Scott Laughton           1  0  1   1  0   3  0  0  0  0  4/6     6:18   0:00   1:37 
Vince Dunn               0  1  1   0  0   2  0  0  0  0  0/0    15:46   2:01   2:02 

Players Stats for SAN JOSE BRONCOS

Player Name              G  A  P  +/- PIM S  H  SB GA TA FO     MP     PP MP  PK MP  
------------------------------------------------------------------------------------
Adam Pelech              0  1  1   2  0   0  2  0  0  0  0/0    21:32   1:56   2:11 
Alexander Radulov        1  0  1   1  0   5  1  1  0  0  0/1    23:32   3:42   2:20 
Anthony Beauvillier      0  0  0  -1  0   2  0  0  0  0  1/3    11:58   0:00   0:00 
Brady Skjei              0  0  0   2  2   0  2  2  0  0  0/0    20:24   1:56   1:04 
Brooks Orpik             0  0  0  -2  2   0  0  1  0  0  0/0    14:02   0:00   0:45 
Carter Rowney            0  0  0   0  0   0  0  0  0  0  0/0     3:53   0:00   0:00 
Charlie Coyle            0  0  0  -1  0   4  0  0  0  0  10/19  13:00   0:00   0:00 
Connor Brown             1  1  2   0  0   4  0  0  0  0  0/2    20:38   2:15   0:00 
Dustin Brown             0  0  0   0  2   3  2  0  0  0  0/0    20:32   2:15   0:00 
Evgeni Malkin            1  1  2   0  0   6  3  0  0  0  19/34  23:55   3:42   0:00 
Hampus Lindholm          0  0  0   0  0   0  4  1  0  0  0/0    28:24   4:01   2:09 
Jaccob Slavin            0  2  2   0  0   0  0  2  0  0  0/0    27:18   4:01   1:47 
Jordan Weal              0  0  0   0  0   0  0  0  0  0  0/0     0:00   0:00   0:00 
Mikko Koivu              0  0  0   1  0   4  0  0  0  0  16/32  22:50   2:15   2:20 
Nick Bonino              0  1  1   0  0   1  0  0  0  0  2/5     5:31   0:00   1:38 
Nick Holden              0  0  0  -2  0   0  0  0  0  0  0/0    13:18   0:00   0:00 
Oliver Bjorkstrand       1  1  2   1  0   2  1  0  0  0  0/0    20:25   0:00   1:38 
Zach Parise              0  0  0  -1  0   2  1  0  0  0  0/3    17:48   3:42   0:00 

3 Stars

1 - Evgeni Malkin (SJO)
2 - Oliver Bjorkstrand (SJO)
3 - Connor Brown (SJO)

Power Play

SACRAMENTO BANDITS - 0 on 2 Attempt(s) - 0,00%
SAN JOSE BRONCOS - 0 on 3 Attempt(s) - 0,00%

Penalty Kill

SACRAMENTO BANDITS - 3 on 3 Attempt(s) - 100,00% - Score 0 goal in Penalty Kill
SAN JOSE BRONCOS - 2 on 2 Attempt(s) - 100,00% - Score 0 goal in Penalty Kill

Team Stat

SACRAMENTO BANDITS - Hits : 21 - Faceoff Wins : 51 - Blocked Shots : 12 - Penalty Minutes : 8
SAN JOSE BRONCOS - Hits : 16 - Faceoff Wins : 48 - Blocked Shots : 7 - Penalty Minutes : 6

Official

Referees : Pierre Lambert and Kendrick Nicholson
Linesman : Mark McLean and Ryan Daisy

Game Notes

No Game Note

Finance

Level 1 -- Attendance: 6000 (100,00%) -- Ticket Income 762 000 $
Level 2 -- Attendance: 5000 (100,00%) -- Ticket Income 385 000 $
Level 3 -- Attendance: 1673 (83,65%) -- Ticket Income 105 399 $
Level 4 -- Attendance: 4000 (100,00%) -- Ticket Income 112 000 $
Luxury Box -- Attendance: 1000 (100,00%) -- Ticket Income 227 000 $
Total Attendance: 17673 (98,18%)
Total Ticket Income: 1 591 399 $
Other Income: 477 420 $
Total Income: 2 068 819 $

SACRAMENTO BANDITS

5 vs 5 Forward 
   Center                   Left Wing                Right Wing               Time % Phy DF OF 
 1 Aleksander Barkov        Jonathan Huberdeau       Jakub Voracek            38     0   1  4  
 2 Claude Giroux            Jamie Benn               Nick Schmaltz            32     0   1  4  
 3 Jordan Martinook         Jujhar Khaira            Clayton Keller           20     0   3  2  
 4 Scott Laughton           Antoine Roussel          Drake Caggiula           10     0   3  2  

5 vs 5 Defense 
   Defense                  Defense                                           Time % Phy DF OF 
 1 John Carlson             Ivan Provorov                                     43     0   1  4  
 2 Aaron Ekblad             Mattias Ekholm                                    37     0   2  3  
 3 Vince Dunn               Kevin Connauton                                   20     1   4  0  
 4 Aaron Ekblad             Mattias Ekholm                                    0      1   2  2  

PowerPlay Forward 
   Center                   Left Wing                Right Wing               Time % Phy DF OF 
 1 Nick Schmaltz            Claude Giroux            Jakub Voracek            62     0   0  5  
 2 Claude Giroux            Jamie Benn               Clayton Keller           38     0   0  5  

PowerPlay Defense
   Defense                  Defense                                           Time % Phy DF OF 
 1 John Carlson             Mattias Ekholm                                    57     0   0  5  
 2 Aaron Ekblad             Vince Dunn                                        43     0   0  5  

Penalty Kill 4 Players Forward 
   Center                   Wing                     Time % Phy DF OF 
 1 Jordan Martinook         Jamie Benn               55     0   5  0  
 2 Nick Schmaltz            Scott Laughton           45     0   5  0  

Penalty Kill 4 Players Defense
   Defense                  Defense                  Time % Phy DF OF 
 1 Mattias Ekholm           Ivan Provorov            55     0   5  0  
 2 Aaron Ekblad             Vince Dunn               45     0   5  0  

Penalty Kill - 3 Players Forward 
   Forward                                           Time % Phy DF OF 
 1 Jordan Martinook                                  55     0   5  0  
 2 Nick Schmaltz                                     45     0   5  0  

Penalty Kill - 3 Players Defense
   Defense                  Defense                  Time % Phy DF OF 
 1 Ivan Provorov            Kevin Connauton          55     0   5  0  
 2 Aaron Ekblad             Mattias Ekholm           45     0   5  0  

4 vs 4 Forward 
   Center                   Wing                     Time % Phy DF OF 
 1 Jordan Martinook         Clayton Keller           55     0   2  3  
 2 Nick Schmaltz            Jamie Benn               45     0   2  3  

4 vs 4 Defense
   Defense                  Defense                  Time % Phy DF OF 
 1 Kevin Connauton          Vince Dunn               55     0   2  3  
 2 Ivan Provorov            Mattias Ekholm           45     0   2  3  

Last Minutes Offensive
   Center                   Left Wing                Right Wing               Defense                  Defense                  
   Aleksander Barkov        Jonathan Huberdeau       Jakub Voracek            John Carlson             Aaron Ekblad             

Last Minutes Defensive
   Center                   Left Wing                Right Wing               Defense                  Defense                  
   Claude Giroux            Nick Schmaltz            Jamie Benn               John Carlson             Aaron Ekblad             

Goaltenders
Starting : Andrei Vasilevskiy       
Backup : Ryan Miller              

Extra Forwards
Normal : Jamie Benn, Claude Giroux, Jakub Voracek - PP : Nick Schmaltz, Claude Giroux - PK : Jamie Benn
Extra Defensemen
Normal : Aaron Ekblad, John Carlson, Mattias Ekholm - PP : John Carlson - PK : Aaron Ekblad, Mattias Ekholm
Penalty Shots
Nick Schmaltz, Jonathan Huberdeau, Claude Giroux, Jakub Voracek, Jamie Benn
Custom OT Lines Forwards
Claude Giroux, Jonathan Huberdeau, Jakub Voracek, Nick Schmaltz, Jamie Benn, Scott Laughton, Antoine Roussel, Jujhar Khaira, Clayton Keller, Jordan Martinook
Custom OT Lines Defensemen
John Carlson, Aaron Ekblad, Vince Dunn, Mattias Ekholm, Kevin Connauton

Scratches
Carl Gunnarsson (Healthy)

SAN JOSE BRONCOS

5 vs 5 Forward 
   Center                   Left Wing                Right Wing               Time % Phy DF OF 
 1 Evgeni Malkin            Dustin Brown             Connor Brown             36     1   2  2  
 2 Mikko Koivu              Oliver Bjorkstrand       Alexander Radulov        31     1   2  2  
 3 Charlie Coyle            Zach Parise              Anthony Beauvillier      23     1   2  2  
 4 Nick Bonino              Oliver Bjorkstrand       Carter Rowney            10     1   2  2  

5 vs 5 Defense 
   Defense                  Defense                                           Time % Phy DF OF 
 1 Hampus Lindholm          Jaccob Slavin                                     39     1   2  2  
 2 Adam Pelech              Brady Skjei                                       34     1   2  2  
 3 Brooks Orpik             Nick Holden                                       27     1   2  2  
 4 Hampus Lindholm          Brooks Orpik                                      0      1   2  2  

PowerPlay Forward 
   Center                   Left Wing                Right Wing               Time % Phy DF OF 
 1 Evgeni Malkin            Zach Parise              Alexander Radulov        55     1   2  2  
 2 Mikko Koivu              Dustin Brown             Connor Brown             45     1   2  2  

PowerPlay Defense
   Defense                  Defense                                           Time % Phy DF OF 
 1 Jaccob Slavin            Hampus Lindholm                                   55     1   2  2  
 2 Adam Pelech              Brady Skjei                                       45     1   2  2  

Penalty Kill 4 Players Forward 
   Center                   Wing                     Time % Phy DF OF 
 1 Mikko Koivu              Alexander Radulov        55     1   2  2  
 2 Nick Bonino              Oliver Bjorkstrand       45     1   2  2  

Penalty Kill 4 Players Defense
   Defense                  Defense                  Time % Phy DF OF 
 1 Hampus Lindholm          Jaccob Slavin            55     1   2  2  
 2 Adam Pelech              Brady Skjei              45     1   2  2  

Penalty Kill - 3 Players Forward 
   Forward                                           Time % Phy DF OF 
 1 Mikko Koivu                                       50     1   2  2  
 2 Charlie Coyle                                     50     1   2  2  

Penalty Kill - 3 Players Defense
   Defense                  Defense                  Time % Phy DF OF 
 1 Hampus Lindholm          Jaccob Slavin            55     1   2  2  
 2 Adam Pelech              Brady Skjei              45     1   2  2  

4 vs 4 Forward 
   Center                   Wing                     Time % Phy DF OF 
 1 Mikko Koivu              Dustin Brown             55     1   2  2  
 2 Charlie Coyle            Connor Brown             45     1   2  2  

4 vs 4 Defense
   Defense                  Defense                  Time % Phy DF OF 
 1 Hampus Lindholm          Jaccob Slavin            55     1   2  2  
 2 Adam Pelech              Brady Skjei              45     1   2  2  

Last Minutes Offensive
   Center                   Left Wing                Right Wing               Defense                  Defense                  
   Evgeni Malkin            Zach Parise              Alexander Radulov        Hampus Lindholm          Jaccob Slavin            

Last Minutes Defensive
   Center                   Left Wing                Right Wing               Defense                  Defense                  
   Mikko Koivu              Zach Parise              Alexander Radulov        Hampus Lindholm          Jaccob Slavin            

Goaltenders
Starting : Jacob Markstrom          
Backup : Petr Mrazek              

Extra Forwards
Normal : Connor Brown, Dustin Brown, Jordan Weal - PP : Oliver Bjorkstrand, Zach Parise - PK : Oliver Bjorkstrand
Extra Defensemen
Normal : Brooks Orpik, Nick Holden, Adam Pelech - PP : Nick Holden - PK : Brady Skjei, Hampus Lindholm
Penalty Shots
Alexander Radulov, Evgeni Malkin, Zach Parise, Dustin Brown, Connor Brown
Custom OT Lines Forwards
Evgeni Malkin, Alexander Radulov, Mikko Koivu, Zach Parise, Charlie Coyle, Connor Brown, Anthony Beauvillier, Oliver Bjorkstrand, Nick Bonino, Dustin Brown
Custom OT Lines Defensemen
Hampus Lindholm, Jaccob Slavin, Adam Pelech, Brady Skjei, Nick Holden

Scratches
Brayden Point (Back Injury), Brett Kulak (Healthy), Eemeli Rasanen (Healthy), Neal Pionk (Strained Left Knee Injury), Nikita Popugaev (Healthy)
Nolan Stevens (Healthy), Rem Pitlick (Healthy), Zach Fischer (Healthy)

% Time on Ice - SACRAMENTO BANDITS

Lines # - Real PCT - Wanted PCT - Time Play
Normal Forward
1 - 39% - 38% - 18:49
2 - 32% - 32% - 15:32
3 - 19% - 20% - 9:15
4 - 9% - 10% - 4:30
Normal Defense
1 - 41% - 43% - 19:51
2 - 36% - 37% - 17:27
3 - 22% - 20% - 10:48
4 - 0% - 0% - 0:00
PP Forward
1 - 56% - 62% - 2:14
2 - 44% - 38% - 1:44
PP Defense
1 - 49% - 57% - 1:57
2 - 51% - 43% - 2:01
PK Forward
1 - 73% - 55% - 4:20
2 - 27% - 45% - 1:37
PK Defense
1 - 66% - 55% - 3:55
2 - 34% - 45% - 2:02
PK3 Forward
1 - 0% - 55%
2 - 0% - 45%
PK3 Defense
1 - 0% - 55%
2 - 0% - 45%
44 Forward
1 - 37% - 55% - 0:44
2 - 63% - 45% - 1:15
44 Defense
1 - 37% - 55% - 0:44
2 - 63% - 45% - 1:15
Last Minute Offensive  - 0:00
Last Minute Defensive  - 0:00
Total
Forward - 60:00
Defense - 60:00

% Time on Ice - SAN JOSE BRONCOS

Lines # - Real PCT - Wanted PCT - Time Play
Normal Forward
1 - 36% - 36% - 17:21
2 - 31% - 31% - 14:54
3 - 25% - 23% - 11:58
4 - 8% - 10% - 3:53
Normal Defense
1 - 38% - 39% - 18:25
2 - 34% - 34% - 16:23
3 - 28% - 27% - 13:18
4 - 0% - 0% - 0:00
PP Forward
1 - 62% - 55% - 3:42
2 - 38% - 45% - 2:15
PP Defense
1 - 68% - 55% - 4:01
2 - 32% - 45% - 1:56
PK Forward
1 - 59% - 55% - 2:20
2 - 41% - 45% - 1:38
PK Defense
1 - 45% - 55% - 1:47
2 - 55% - 45% - 2:11
PK3 Forward
1 - 0% - 50%
2 - 0% - 50%
PK3 Defense
1 - 0% - 55%
2 - 0% - 45%
44 Forward
1 - 48% - 55% - 0:57
2 - 52% - 45% - 1:02
44 Defense
1 - 48% - 55% - 0:57
2 - 52% - 45% - 1:02
Last Minute Offensive  - 0:00
Last Minute Defensive  - 0:00
Total
Forward - 60:00
Defense - 60:00

Play-by-Play

1st period


0:01 of 1st period - Evgeni Malkin wins face-off versus Jakub Voracek in neutral zone.
0:22 of 1st period - Shot by Dustin Brown.
0:22 of 1st period - Shot Misses the Net.
0:24 of 1st period - Shot by Dustin Brown.
0:24 of 1st period - Shot Misses the Net.
0:26 of 1st period - Shot by Connor Brown.
0:26 of 1st period - Stopped by Andrei Vasilevskiy without a rebound.
0:27 of 1st period - Claude Giroux wins face-off versus Mikko Koivu in SACRAMENTO BANDITS zone.
0:42 of 1st period - Off-side.
0:43 of 1st period - Charlie Coyle wins face-off versus Jordan Martinook in neutral zone.
0:43 of 1st period - Zach Parise is hit by Jujhar Khaira and loses puck.
2:02 of 1st period - Minor Penalty to Brady Skjei for Hooking.
2:03 of 1st period - Nick Schmaltz wins face-off versus Mikko Koivu in SAN JOSE BRONCOS zone.
2:16 of 1st period - Shot by Claude Giroux.
2:16 of 1st period - Deflect By Nick Schmaltz.
2:16 of 1st period - Stopped by Jacob Markstrom without a rebound.
2:17 of 1st period - Claude Giroux wins face-off versus Nick Bonino in SAN JOSE BRONCOS zone.
2:48 of 1st period - Shot by Claude Giroux.
2:48 of 1st period - Shot Blocked by Jaccob Slavin.
3:18 of 1st period - Shot by Oliver Bjorkstrand.
3:18 of 1st period - Shot Misses the Net.
3:30 of 1st period - Shot by John Carlson.
3:30 of 1st period - Shot Misses the Net.
3:32 of 1st period - Shot by Nick Schmaltz.
3:32 of 1st period - Shot Misses the Net.
4:16 of 1st period - Shot by Clayton Keller.
4:16 of 1st period - Stopped by Jacob Markstrom without a rebound.
4:17 of 1st period - Charlie Coyle wins face-off versus Jakub Voracek in SAN JOSE BRONCOS zone.
4:26 of 1st period - Shot by Charlie Coyle.
4:26 of 1st period - Stopped by Andrei Vasilevskiy without a rebound.
4:27 of 1st period - Evgeni Malkin wins face-off versus Jordan Martinook in SACRAMENTO BANDITS zone.
4:28 of 1st period - Shot by Dustin Brown.
4:28 of 1st period - Stopped by Andrei Vasilevskiy with a rebound.
4:30 of 1st period - Shot by Jaccob Slavin.
4:30 of 1st period - Shot Blocked by Jujhar Khaira.
4:32 of 1st period - Shot by Jaccob Slavin.
4:32 of 1st period - Shot Blocked by Mattias Ekholm.
4:34 of 1st period - Shot by Connor Brown.
4:34 of 1st period - Shot Blocked by Aaron Ekblad.
4:36 of 1st period - Shot by Evgeni Malkin.
4:36 of 1st period - Goal by Evgeni Malkin - SACRAMENTO BANDITS : 0 - SAN JOSE BRONCOS : 1.
4:37 of 1st period - Evgeni Malkin wins face-off versus Aleksander Barkov in neutral zone.
4:40 of 1st period - John Carlson is hit by Dustin Brown and loses puck.
4:44 of 1st period - Icing by John Carlson.
4:45 of 1st period - Aleksander Barkov wins face-off versus Mikko Koivu in SACRAMENTO BANDITS zone.
5:04 of 1st period - Shot by Aleksander Barkov.
5:04 of 1st period - Shot Blocked by Alexander Radulov.
5:40 of 1st period - Icing by Ivan Provorov.
5:41 of 1st period - Aleksander Barkov wins face-off versus Evgeni Malkin in SACRAMENTO BANDITS zone.
5:50 of 1st period - John Carlson is hit by Hampus Lindholm and loses puck.
6:18 of 1st period - Shot by Claude Giroux.
6:18 of 1st period - Goal by Claude Giroux - SACRAMENTO BANDITS : 1 - SAN JOSE BRONCOS : 1.
6:19 of 1st period - Charlie Coyle wins face-off versus Claude Giroux in neutral zone.
6:28 of 1st period - Shot by Nick Schmaltz.
6:28 of 1st period - Shot Misses the Net.
6:30 of 1st period - Shot by Nick Schmaltz.
6:30 of 1st period - Shot Misses the Net.
6:32 of 1st period - Shot by Nick Schmaltz.
6:32 of 1st period - Stopped by Jacob Markstrom without a rebound.
6:33 of 1st period - Scott Laughton wins face-off versus Nick Bonino in SAN JOSE BRONCOS zone.
6:43 of 1st period - Antoine Roussel is hit by Brady Skjei and loses puck.
7:15 of 1st period - Antoine Roussel is hit by Adam Pelech and loses puck.
8:00 of 1st period - Connor Brown is hit by Aaron Ekblad and loses puck.
8:28 of 1st period - Icing by Jaccob Slavin.
8:29 of 1st period - Evgeni Malkin wins face-off versus Aleksander Barkov in SAN JOSE BRONCOS zone.
8:37 of 1st period - Icing by Ivan Provorov.
8:38 of 1st period - Charlie Coyle wins face-off versus Aleksander Barkov in SACRAMENTO BANDITS zone.
8:48 of 1st period - Shot by Anthony Beauvillier.
8:48 of 1st period - Stopped by Andrei Vasilevskiy without a rebound.
8:49 of 1st period - Charlie Coyle wins face-off versus Jordan Martinook in SACRAMENTO BANDITS zone.
9:00 of 1st period - Shot by Charlie Coyle.
9:00 of 1st period - Shot Blocked by Ivan Provorov.
9:56 of 1st period - Icing by Clayton Keller.
9:57 of 1st period - Evgeni Malkin wins face-off versus Jordan Martinook in SACRAMENTO BANDITS zone.
10:12 of 1st period - Shot by Jonathan Huberdeau.
10:12 of 1st period - Shot Blocked by Brady Skjei.
10:14 of 1st period - Shot by Mattias Ekholm.
10:14 of 1st period - Shot Misses the Net.
10:20 of 1st period - Shot by Jonathan Huberdeau.
10:20 of 1st period - Stopped by Jacob Markstrom without a rebound.
10:21 of 1st period - Claude Giroux wins face-off versus Mikko Koivu in SAN JOSE BRONCOS zone.
11:17 of 1st period - Icing by Oliver Bjorkstrand.
11:18 of 1st period - Aleksander Barkov wins face-off versus Mikko Koivu in SAN JOSE BRONCOS zone.
11:35 of 1st period - Shot by Evgeni Malkin.
11:35 of 1st period - Shot Misses the Net.
12:07 of 1st period - Shot by Dustin Brown.
12:07 of 1st period - Shot Blocked by Aaron Ekblad.
12:14 of 1st period - Icing by Aleksander Barkov.
12:15 of 1st period - Aleksander Barkov wins face-off versus Charlie Coyle in SACRAMENTO BANDITS zone.
12:31 of 1st period - Minor Penalty to Mattias Ekholm for Interference.
12:32 of 1st period - Jordan Martinook wins face-off versus Evgeni Malkin in SACRAMENTO BANDITS zone.
12:32 of 1st period - Jordan Martinook is hit by Alexander Radulov.
13:25 of 1st period - Shot by Mikko Koivu.
13:25 of 1st period - Deflect By Dustin Brown.
13:25 of 1st period - Shot Misses the Net.
13:27 of 1st period - Shot by Mikko Koivu.
13:27 of 1st period - Shot Blocked by Ivan Provorov.
14:52 of 1st period - Shot by Aleksander Barkov.
14:52 of 1st period - Goal by Aleksander Barkov - SACRAMENTO BANDITS : 2 - SAN JOSE BRONCOS : 1.
14:53 of 1st period - Drake Caggiula wins face-off versus Charlie Coyle in neutral zone.
14:58 of 1st period - Shot by Antoine Roussel.
14:58 of 1st period - Deflect By Drake Caggiula.
14:58 of 1st period - Shot Misses the Net.
15:00 of 1st period - Shot by Aaron Ekblad.
15:00 of 1st period - Shot Misses the Net.
15:02 of 1st period - Shot by Scott Laughton.
15:02 of 1st period - Stopped by Jacob Markstrom without a rebound.
15:03 of 1st period - Mikko Koivu wins face-off versus Aleksander Barkov in SAN JOSE BRONCOS zone.
15:03 of 1st period - Alexander Radulov is hit by Aleksander Barkov and loses puck.
15:14 of 1st period - Shot by Oliver Bjorkstrand.
15:14 of 1st period - Shot Blocked by Mattias Ekholm.
15:16 of 1st period - Shot by Jaccob Slavin.
15:16 of 1st period - Shot Blocked by Mattias Ekholm.
15:18 of 1st period - Shot by Hampus Lindholm.
15:18 of 1st period - Shot Misses the Net.
16:09 of 1st period - Shot by Connor Brown.
16:09 of 1st period - Stopped by Andrei Vasilevskiy without a rebound.
16:10 of 1st period - Claude Giroux wins face-off versus Charlie Coyle in SACRAMENTO BANDITS zone.
16:12 of 1st period - Icing by Nick Schmaltz.
16:13 of 1st period - Claude Giroux wins face-off versus Evgeni Malkin in SACRAMENTO BANDITS zone.
16:13 of 1st period - Claude Giroux is hit by Evgeni Malkin.
16:22 of 1st period - Shot by Jamie Benn.
16:22 of 1st period - Shot Blocked by Brady Skjei.
16:24 of 1st period - Shot by Kevin Connauton.
16:24 of 1st period - Shot Misses the Net.
16:32 of 1st period - Shot by Nick Schmaltz.
16:32 of 1st period - Stopped by Jacob Markstrom without a rebound.
16:33 of 1st period - Jordan Martinook wins face-off versus Charlie Coyle in SAN JOSE BRONCOS zone.
16:47 of 1st period - Icing by Jordan Martinook.
16:48 of 1st period - Jordan Martinook wins face-off versus Evgeni Malkin in SACRAMENTO BANDITS zone.
16:48 of 1st period - Jordan Martinook is hit by Dustin Brown.
16:53 of 1st period - John Carlson is hit by Evgeni Malkin.
17:06 of 1st period - Clayton Keller is hit by Hampus Lindholm and loses puck.
17:14 of 1st period - Icing by Evgeni Malkin.
17:15 of 1st period - Claude Giroux wins face-off versus Evgeni Malkin in SAN JOSE BRONCOS zone.
17:25 of 1st period - Jamie Benn is hit by Hampus Lindholm and loses puck.
17:32 of 1st period - Shot by Jamie Benn.
17:32 of 1st period - Stopped by Jacob Markstrom without a rebound.
17:33 of 1st period - Aleksander Barkov wins face-off versus Mikko Koivu in SAN JOSE BRONCOS zone.
17:35 of 1st period - Jonathan Huberdeau is hit by Brady Skjei and loses puck.
17:46 of 1st period - Shot by Jonathan Huberdeau.
17:46 of 1st period - Stopped by Jacob Markstrom without a rebound.
17:47 of 1st period - Anthony Beauvillier wins face-off versus Claude Giroux in SAN JOSE BRONCOS zone.
17:47 of 1st period - Zach Parise is hit by Jamie Benn and loses puck.
18:01 of 1st period - Zach Parise is hit by Mattias Ekholm and loses puck.
18:13 of 1st period - Zach Parise is hit by Mattias Ekholm and loses puck.
19:33 of 1st period - Icing by John Carlson.
19:34 of 1st period - Aleksander Barkov wins face-off versus Mikko Koivu in SACRAMENTO BANDITS zone.
19:42 of 1st period - Shot by Jonathan Huberdeau.
19:42 of 1st period - Stopped by Jacob Markstrom without a rebound.
19:43 of 1st period - Scott Laughton wins face-off versus Mikko Koivu in SAN JOSE BRONCOS zone.
19:43 of 1st period - Drake Caggiula is hit by Hampus Lindholm and loses puck.
19:50 of 1st period - Shot by Scott Laughton.
19:50 of 1st period - Stopped by Jacob Markstrom without a rebound.
19:51 of 1st period - Mikko Koivu wins face-off versus Claude Giroux in SAN JOSE BRONCOS zone.
Goals for this period are 2 for SACRAMENTO BANDITS vs 1 for SAN JOSE BRONCOS.
Shots for this period are 12 for SACRAMENTO BANDITS vs 6 for SAN JOSE BRONCOS.

2nd period


0:01 of 2nd period - Mikko Koivu wins face-off versus Nick Schmaltz in neutral zone.
0:01 of 2nd period - Mikko Koivu is hit by Jamie Benn.
1:20 of 2nd period - Icing by Adam Pelech.
1:21 of 2nd period - Evgeni Malkin wins face-off versus Jordan Martinook in SAN JOSE BRONCOS zone.
1:39 of 2nd period - Icing by Adam Pelech.
1:40 of 2nd period - Evgeni Malkin wins face-off versus Scott Laughton in SAN JOSE BRONCOS zone.
1:52 of 2nd period - Icing by Aaron Ekblad.
1:53 of 2nd period - Scott Laughton wins face-off versus Charlie Coyle in SACRAMENTO BANDITS zone.
2:10 of 2nd period - Shot by Scott Laughton.
2:10 of 2nd period - Goal by Scott Laughton - SACRAMENTO BANDITS : 3 - SAN JOSE BRONCOS : 1.
2:11 of 2nd period - Claude Giroux wins face-off versus Evgeni Malkin in neutral zone.
2:34 of 2nd period - Shot by Claude Giroux.
2:34 of 2nd period - Stopped by Jacob Markstrom without a rebound.
2:35 of 2nd period - Aleksander Barkov wins face-off versus Mikko Koivu in SAN JOSE BRONCOS zone.
4:09 of 2nd period - Shot by Evgeni Malkin.
4:09 of 2nd period - Stopped by Andrei Vasilevskiy without a rebound.
4:10 of 2nd period - Jordan Martinook wins face-off versus Charlie Coyle in SACRAMENTO BANDITS zone.
4:43 of 2nd period - Shot by Clayton Keller.
4:43 of 2nd period - Shot Misses the Net.
4:58 of 2nd period - Icing by Nick Holden.
4:59 of 2nd period - Aleksander Barkov wins face-off versus Anthony Beauvillier in SAN JOSE BRONCOS zone.
5:24 of 2nd period - Shot by Aleksander Barkov.
5:24 of 2nd period - Shot Blocked by Brooks Orpik.
5:26 of 2nd period - Shot by John Carlson.
5:26 of 2nd period - Stopped by Jacob Markstrom without a rebound.
5:27 of 2nd period - Claude Giroux wins face-off versus Evgeni Malkin in SAN JOSE BRONCOS zone.
5:39 of 2nd period - Shot by Jamie Benn.
5:39 of 2nd period - Stopped by Jacob Markstrom without a rebound.
5:40 of 2nd period - Scott Laughton wins face-off versus Mikko Koivu in SAN JOSE BRONCOS zone.
6:03 of 2nd period - Adam Pelech is hit by Antoine Roussel and loses puck.
6:40 of 2nd period - Oliver Bjorkstrand is hit by Jamie Benn and loses puck.
6:57 of 2nd period - Claude Giroux is hit by Evgeni Malkin and loses puck.
7:02 of 2nd period - Shot by Dustin Brown.
7:02 of 2nd period - Stopped by Andrei Vasilevskiy without a rebound.
7:03 of 2nd period - Evgeni Malkin wins face-off versus Jakub Voracek in SACRAMENTO BANDITS zone.
7:42 of 2nd period - Icing by Aleksander Barkov.
7:43 of 2nd period - Charlie Coyle wins face-off versus Aleksander Barkov in SACRAMENTO BANDITS zone.
7:53 of 2nd period - Shot by Charlie Coyle.
7:53 of 2nd period - Stopped by Andrei Vasilevskiy with a rebound.
8:01 of 2nd period - Shot by Charlie Coyle.
8:01 of 2nd period - Stopped by Andrei Vasilevskiy without a rebound.
8:02 of 2nd period - Nick Bonino wins face-off versus Jordan Martinook in SACRAMENTO BANDITS zone.
8:05 of 2nd period - Shot by Oliver Bjorkstrand.
8:05 of 2nd period - Shot Blocked by Jordan Martinook.
8:13 of 2nd period - Shot by Oliver Bjorkstrand.
8:13 of 2nd period - Goal by Oliver Bjorkstrand - SACRAMENTO BANDITS : 3 - SAN JOSE BRONCOS : 2.
8:14 of 2nd period - Claude Giroux wins face-off versus Evgeni Malkin in neutral zone.
8:20 of 2nd period - Connor Brown is hit by Aaron Ekblad and loses puck.
8:27 of 2nd period - Shot by Evgeni Malkin.
8:27 of 2nd period - Stopped by Andrei Vasilevskiy without a rebound.
8:28 of 2nd period - Nick Bonino wins face-off versus Jordan Martinook in SACRAMENTO BANDITS zone.
9:20 of 2nd period - Minor Penalty to Dustin Brown for Hooking.
9:21 of 2nd period - Mikko Koivu wins face-off versus Nick Schmaltz in SAN JOSE BRONCOS zone.
9:54 of 2nd period - Shot by Jakub Voracek.
9:54 of 2nd period - Shot Misses the Net.
11:04 of 2nd period - Shot by Jakub Voracek.
11:04 of 2nd period - Shot Hit the Post.
11:06 of 2nd period - Shot by Nick Schmaltz.
11:06 of 2nd period - Stopped by Jacob Markstrom without a rebound.
11:07 of 2nd period - Mikko Koivu wins face-off versus Clayton Keller in SAN JOSE BRONCOS zone.
11:13 of 2nd period - Icing by Jamie Benn.
11:14 of 2nd period - Mikko Koivu wins face-off versus Nick Schmaltz in SACRAMENTO BANDITS zone.
11:15 of 2nd period - Shot by Alexander Radulov.
11:15 of 2nd period - Stopped by Andrei Vasilevskiy with a rebound.
11:42 of 2nd period - Shot by Anthony Beauvillier.
11:42 of 2nd period - Stopped by Andrei Vasilevskiy without a rebound.
11:43 of 2nd period - Evgeni Malkin wins face-off versus Aleksander Barkov in SACRAMENTO BANDITS zone.
12:59 of 2nd period - Icing by Mikko Koivu.
13:00 of 2nd period - Claude Giroux wins face-off versus Mikko Koivu in SAN JOSE BRONCOS zone.
13:46 of 2nd period - Charlie Coyle is hit by Jamie Benn and loses puck.
14:41 of 2nd period - Shot by Evgeni Malkin.
14:41 of 2nd period - Stopped by Andrei Vasilevskiy without a rebound.
14:42 of 2nd period - Aleksander Barkov wins face-off versus Connor Brown in SACRAMENTO BANDITS zone.
14:53 of 2nd period - Shot by Jonathan Huberdeau.
14:53 of 2nd period - Stopped by Jacob Markstrom without a rebound.
14:54 of 2nd period - Mikko Koivu wins face-off versus Clayton Keller in SAN JOSE BRONCOS zone.
15:55 of 2nd period - Shot by Jonathan Huberdeau.
15:55 of 2nd period - Stopped by Jacob Markstrom with a rebound.
17:21 of 2nd period - Shot by Zach Parise.
17:21 of 2nd period - Stopped by Andrei Vasilevskiy without a rebound.
17:22 of 2nd period - Mikko Koivu wins face-off versus Claude Giroux in SACRAMENTO BANDITS zone.
17:27 of 2nd period - Shot by Mikko Koivu.
17:27 of 2nd period - Shot Misses the Net.
17:53 of 2nd period - Shot by Mikko Koivu.
17:53 of 2nd period - Stopped by Andrei Vasilevskiy without a rebound.
17:54 of 2nd period - Evgeni Malkin wins face-off versus Aleksander Barkov in SACRAMENTO BANDITS zone.
17:54 of 2nd period - Connor Brown is hit by Mattias Ekholm and loses puck.
18:34 of 2nd period - Icing by Mattias Ekholm.
18:35 of 2nd period - Aleksander Barkov wins face-off versus Mikko Koivu in SACRAMENTO BANDITS zone.
18:35 of 2nd period - Aleksander Barkov is hit by Oliver Bjorkstrand.
18:38 of 2nd period - Icing by Jonathan Huberdeau.
18:39 of 2nd period - Mikko Koivu wins face-off versus Aleksander Barkov in SACRAMENTO BANDITS zone.
18:51 of 2nd period - Minor Penalty to Aaron Ekblad for Holding.
18:52 of 2nd period - Jordan Martinook wins face-off versus Zach Parise in SACRAMENTO BANDITS zone.
Goals for this period are 1 for SACRAMENTO BANDITS vs 1 for SAN JOSE BRONCOS.
Shots for this period are 7 for SACRAMENTO BANDITS vs 11 for SAN JOSE BRONCOS.

3rd period


0:01 of 3rd period - Jordan Martinook wins face-off versus Evgeni Malkin in neutral zone.
0:10 of 3rd period - Shot by Evgeni Malkin.
0:10 of 3rd period - Shot Misses the Net.
0:36 of 3rd period - Shot by Evgeni Malkin.
0:36 of 3rd period - Shot Blocked by Jordan Martinook.
1:12 of 3rd period - John Carlson is hit by Adam Pelech and loses puck.
1:21 of 3rd period - Shot by Nick Bonino.
1:21 of 3rd period - Stopped by Andrei Vasilevskiy without a rebound.
1:22 of 3rd period - Jakub Voracek wins face-off versus Evgeni Malkin in SACRAMENTO BANDITS zone.
1:38 of 3rd period - Icing by Nick Holden.
1:39 of 3rd period - Claude Giroux wins face-off versus Evgeni Malkin in SAN JOSE BRONCOS zone.
1:59 of 3rd period - Minor Penalty to Brooks Orpik for Hooking.
1:59 of 3rd period - Minor Penalty to Jamie Benn for Roughing.
2:00 of 3rd period - Jordan Martinook wins face-off versus Mikko Koivu in SAN JOSE BRONCOS zone.
2:07 of 3rd period - Shot by Jordan Martinook.
2:07 of 3rd period - Shot Misses the Net.
2:27 of 3rd period - Shot by Mikko Koivu.
2:27 of 3rd period - Shot Misses the Net.
2:29 of 3rd period - Shot by Mikko Koivu.
2:29 of 3rd period - Shot Misses the Net.
2:39 of 3rd period - Shot by Mikko Koivu.
2:39 of 3rd period - Deflect By Dustin Brown.
2:39 of 3rd period - Shot Misses the Net.
2:43 of 3rd period - Shot by Mikko Koivu.
2:43 of 3rd period - Stopped by Andrei Vasilevskiy without a rebound.
2:44 of 3rd period - Charlie Coyle wins face-off versus Nick Schmaltz in SACRAMENTO BANDITS zone.
2:51 of 3rd period - Shot by Connor Brown.
2:51 of 3rd period - Stopped by Andrei Vasilevskiy without a rebound.
2:52 of 3rd period - Charlie Coyle wins face-off versus Nick Schmaltz in SACRAMENTO BANDITS zone.
3:33 of 3rd period - Shot by Nick Schmaltz.
3:33 of 3rd period - Shot Misses the Net.
4:20 of 3rd period - Shot by Jordan Martinook.
4:20 of 3rd period - Stopped by Jacob Markstrom without a rebound.
4:21 of 3rd period - Mikko Koivu wins face-off versus Aleksander Barkov in SAN JOSE BRONCOS zone.
5:36 of 3rd period - Shot by Evgeni Malkin.
5:36 of 3rd period - Stopped by Andrei Vasilevskiy without a rebound.
5:37 of 3rd period - Charlie Coyle wins face-off versus Drake Caggiula in SACRAMENTO BANDITS zone.
5:39 of 3rd period - Zach Parise is hit by Aaron Ekblad and loses puck.
5:42 of 3rd period - Shot by Zach Parise.
5:42 of 3rd period - Stopped by Andrei Vasilevskiy without a rebound.
5:43 of 3rd period - Evgeni Malkin wins face-off versus Claude Giroux in SACRAMENTO BANDITS zone.
5:45 of 3rd period - Minor Penalty to Mattias Ekholm for Tripping.
5:46 of 3rd period - Evgeni Malkin wins face-off versus Jordan Martinook in SACRAMENTO BANDITS zone.
6:01 of 3rd period - Icing by Alexander Radulov.
6:02 of 3rd period - Evgeni Malkin wins face-off versus Jordan Martinook in SAN JOSE BRONCOS zone.
6:04 of 3rd period - Icing by Alexander Radulov.
6:05 of 3rd period - Jordan Martinook wins face-off versus Evgeni Malkin in SAN JOSE BRONCOS zone.
6:33 of 3rd period - Shot by Zach Parise.
6:33 of 3rd period - Shot Misses the Net.
6:35 of 3rd period - Shot by Alexander Radulov.
6:35 of 3rd period - Stopped by Andrei Vasilevskiy without a rebound.
6:36 of 3rd period - Mikko Koivu wins face-off versus Jordan Martinook in SACRAMENTO BANDITS zone.
6:45 of 3rd period - Shot by Mikko Koivu.
6:45 of 3rd period - Stopped by Andrei Vasilevskiy without a rebound.
6:46 of 3rd period - Mikko Koivu wins face-off versus Jordan Martinook in SACRAMENTO BANDITS zone.
8:10 of 3rd period - Shot by Aleksander Barkov.
8:10 of 3rd period - Shot Misses the Net.
8:12 of 3rd period - Shot by Vince Dunn.
8:12 of 3rd period - Stopped by Jacob Markstrom without a rebound.
8:13 of 3rd period - Charlie Coyle wins face-off versus Jordan Martinook in SAN JOSE BRONCOS zone.
8:13 of 3rd period - Charlie Coyle is hit by Jujhar Khaira.
8:36 of 3rd period - Jordan Martinook is hit by Zach Parise and loses puck.
8:42 of 3rd period - Shot by Jordan Martinook.
8:42 of 3rd period - Deflect By Clayton Keller.
8:42 of 3rd period - Stopped by Jacob Markstrom without a rebound.
8:43 of 3rd period - Claude Giroux wins face-off versus Nick Bonino in SAN JOSE BRONCOS zone.
8:44 of 3rd period - Shot by Jamie Benn.
8:44 of 3rd period - Stopped by Jacob Markstrom without a rebound.
8:45 of 3rd period - Claude Giroux wins face-off versus Evgeni Malkin in SAN JOSE BRONCOS zone.
9:18 of 3rd period - Shot by Connor Brown.
9:18 of 3rd period - Goal by Connor Brown - SACRAMENTO BANDITS : 3 - SAN JOSE BRONCOS : 3.
9:19 of 3rd period - Aleksander Barkov wins face-off versus Mikko Koivu in neutral zone.
9:50 of 3rd period - Shot by Oliver Bjorkstrand.
9:50 of 3rd period - Stopped by Andrei Vasilevskiy without a rebound.
9:51 of 3rd period - Evgeni Malkin wins face-off versus Claude Giroux in SACRAMENTO BANDITS zone.
9:51 of 3rd period - Evgeni Malkin is hit by John Carlson.
9:58 of 3rd period - Connor Brown is hit by Ivan Provorov and loses puck.
10:03 of 3rd period - Shot by Connor Brown.
10:03 of 3rd period - Shot Blocked by John Carlson.
10:13 of 3rd period - Shot by Dustin Brown.
10:13 of 3rd period - Stopped by Andrei Vasilevskiy without a rebound.
10:14 of 3rd period - Aleksander Barkov wins face-off versus Zach Parise in SACRAMENTO BANDITS zone.
10:30 of 3rd period - Zach Parise is hit by Aaron Ekblad.
10:36 of 3rd period - Shot by Charlie Coyle.
10:36 of 3rd period - Stopped by Andrei Vasilevskiy without a rebound.
10:37 of 3rd period - Claude Giroux wins face-off versus Connor Brown in SACRAMENTO BANDITS zone.
10:39 of 3rd period - Icing by Nick Schmaltz.
10:40 of 3rd period - Evgeni Malkin wins face-off versus Claude Giroux in SACRAMENTO BANDITS zone.
10:40 of 3rd period - Evgeni Malkin is hit by John Carlson.
10:56 of 3rd period - Shot by Jamie Benn.
10:56 of 3rd period - Stopped by Jacob Markstrom without a rebound.
10:57 of 3rd period - Mikko Koivu wins face-off versus Aleksander Barkov in SAN JOSE BRONCOS zone.
11:56 of 3rd period - Alexander Radulov is hit by Jamie Benn and loses puck.
13:02 of 3rd period - Shot by Clayton Keller.
13:02 of 3rd period - Stopped by Jacob Markstrom with a rebound.
13:04 of 3rd period - Shot by Jordan Martinook.
13:04 of 3rd period - Deflect By Clayton Keller.
13:04 of 3rd period - Shot Blocked by Hampus Lindholm.
13:14 of 3rd period - Shot by Jordan Martinook.
13:14 of 3rd period - Stopped by Jacob Markstrom with a rebound.
13:18 of 3rd period - Shot by Jordan Martinook.
13:18 of 3rd period - Shot Misses the Net.
13:24 of 3rd period - Shot by Jordan Martinook.
13:24 of 3rd period - Shot Misses the Net.
13:40 of 3rd period - Icing by Mattias Ekholm.
13:41 of 3rd period - Drake Caggiula wins face-off versus Zach Parise in SACRAMENTO BANDITS zone.
13:50 of 3rd period - Off-side.
13:51 of 3rd period - Jonathan Huberdeau wins face-off versus Anthony Beauvillier in neutral zone.
14:01 of 3rd period - Icing by Brooks Orpik.
14:02 of 3rd period - Claude Giroux wins face-off versus Charlie Coyle in SAN JOSE BRONCOS zone.
15:18 of 3rd period - Shot by Jonathan Huberdeau.
15:18 of 3rd period - Stopped by Jacob Markstrom without a rebound.
15:19 of 3rd period - Evgeni Malkin wins face-off versus Jordan Martinook in SAN JOSE BRONCOS zone.
15:36 of 3rd period - Shot by Clayton Keller.
15:36 of 3rd period - Shot Misses the Net.
15:38 of 3rd period - Shot by Vince Dunn.
15:38 of 3rd period - Stopped by Jacob Markstrom with a rebound.
15:40 of 3rd period - Shot by Kevin Connauton.
15:40 of 3rd period - Stopped by Jacob Markstrom with a rebound.
15:42 of 3rd period - Shot by Jordan Martinook.
15:42 of 3rd period - Goal by Jordan Martinook - SACRAMENTO BANDITS : 4 - SAN JOSE BRONCOS : 3.
15:43 of 3rd period - Mikko Koivu wins face-off versus Aleksander Barkov in neutral zone.
16:02 of 3rd period - Shot by Alexander Radulov.
16:02 of 3rd period - Shot Misses the Net.
16:12 of 3rd period - Shot by Oliver Bjorkstrand.
16:12 of 3rd period - Shot Blocked by John Carlson.
16:18 of 3rd period - Shot by Alexander Radulov.
16:18 of 3rd period - Shot Misses the Net.
16:23 of 3rd period - Icing by John Carlson.
16:24 of 3rd period - Aleksander Barkov wins face-off versus Evgeni Malkin in SACRAMENTO BANDITS zone.
16:44 of 3rd period - Shot by Evgeni Malkin.
16:44 of 3rd period - Stopped by Andrei Vasilevskiy without a rebound.
16:45 of 3rd period - Claude Giroux wins face-off versus Charlie Coyle in SACRAMENTO BANDITS zone.
17:08 of 3rd period - Zach Parise is hit by Mattias Ekholm and loses puck.
17:45 of 3rd period - Shot by Clayton Keller.
17:45 of 3rd period - Stopped by Jacob Markstrom without a rebound.
17:46 of 3rd period - Evgeni Malkin wins face-off versus Aleksander Barkov in SAN JOSE BRONCOS zone.
18:08 of 3rd period - Evgeni Malkin is hit by John Carlson and loses puck.
18:31 of 3rd period - Shot by John Carlson.
18:31 of 3rd period - Stopped by Jacob Markstrom without a rebound.
18:32 of 3rd period - Jordan Martinook wins face-off versus Mikko Koivu in SAN JOSE BRONCOS zone.
18:52 of 3rd period - Shot by Oliver Bjorkstrand.
18:52 of 3rd period - Shot Misses the Net.
18:54 of 3rd period - Shot by Alexander Radulov.
18:54 of 3rd period - Goal by Alexander Radulov - SACRAMENTO BANDITS : 4 - SAN JOSE BRONCOS : 4.
18:55 of 3rd period - Claude Giroux wins face-off versus Charlie Coyle in neutral zone.
Goals for this period are 1 for SACRAMENTO BANDITS vs 2 for SAN JOSE BRONCOS.
Shots for this period are 13 for SACRAMENTO BANDITS vs 13 for SAN JOSE BRONCOS.

Overtime #1


0:01 of 1st overtime period - Claude Giroux wins face-off versus Mikko Koivu in neutral zone.
0:16 of 1st overtime period - Shot by Jonathan Huberdeau.
0:16 of 1st overtime period - Stopped by Jacob Markstrom with a rebound.
0:35 of 1st overtime period - Shot by Claude Giroux.
0:35 of 1st overtime period - Shot Misses the Net.
1:11 of 1st overtime period - Shot by Jakub Voracek.
1:11 of 1st overtime period - Stopped by Jacob Markstrom without a rebound.
1:12 of 1st overtime period - Nick Schmaltz wins face-off versus Alexander Radulov in SAN JOSE BRONCOS zone.
1:15 of 1st overtime period - Shot by Nick Schmaltz.
1:15 of 1st overtime period - Shot Misses the Net.
1:27 of 1st overtime period - Shot by Alexander Radulov.
1:27 of 1st overtime period - Shot Misses the Net.
1:29 of 1st overtime period - Shot by Alexander Radulov.
1:29 of 1st overtime period - Shot Misses the Net.
1:35 of 1st overtime period - Shot by Alexander Radulov.
1:35 of 1st overtime period - Stopped by Andrei Vasilevskiy without a rebound.
1:36 of 1st overtime period - Evgeni Malkin wins face-off versus Nick Schmaltz in SACRAMENTO BANDITS zone.
1:39 of 1st overtime period - Shot by Alexander Radulov.
1:39 of 1st overtime period - Stopped by Andrei Vasilevskiy without a rebound.
1:40 of 1st overtime period - Claude Giroux wins face-off versus Evgeni Malkin in SACRAMENTO BANDITS zone.
2:38 of 1st overtime period - Icing by Jaccob Slavin.
2:39 of 1st overtime period - Mikko Koivu wins face-off versus Nick Schmaltz in SAN JOSE BRONCOS zone.
3:22 of 1st overtime period - Shot by Mikko Koivu.
3:22 of 1st overtime period - Shot Misses the Net.
3:24 of 1st overtime period - Shot by Jaccob Slavin.
3:24 of 1st overtime period - Shot Misses the Net.
3:26 of 1st overtime period - Shot by Mikko Koivu.
3:26 of 1st overtime period - Stopped by Andrei Vasilevskiy without a rebound.
3:27 of 1st overtime period - Evgeni Malkin wins face-off versus Claude Giroux in SACRAMENTO BANDITS zone.
3:50 of 1st overtime period - Shot by Claude Giroux.
3:50 of 1st overtime period - Shot Misses the Net.
3:52 of 1st overtime period - Shot by Claude Giroux.
3:52 of 1st overtime period - Shot Misses the Net.
4:22 of 1st overtime period - Shot by Jakub Voracek.
4:22 of 1st overtime period - Shot Hit the Post.
4:42 of 1st overtime period - Shot by Nick Schmaltz.
4:42 of 1st overtime period - Deflect By Jakub Voracek.
4:42 of 1st overtime period - Stopped by Jacob Markstrom with a rebound.
4:44 of 1st overtime period - Shot by Aaron Ekblad.
4:44 of 1st overtime period - Shot Blocked by Jaccob Slavin.
4:48 of 1st overtime period - Shot by Nick Schmaltz.
4:48 of 1st overtime period - Deflect By Jakub Voracek.
4:48 of 1st overtime period - Stopped by Jacob Markstrom without a rebound.
4:49 of 1st overtime period - Mikko Koivu wins face-off versus Scott Laughton in SAN JOSE BRONCOS zone.
Goals for this period are 0 for SACRAMENTO BANDITS vs 0 for SAN JOSE BRONCOS.
Shots for this period are 4 for SACRAMENTO BANDITS vs 3 for SAN JOSE BRONCOS.

ShootOut


5:00 of 1st overtime period - Round #1.
5:00 of 1st overtime period - SACRAMENTO BANDITS, Nick Schmaltz.
5:00 of 1st overtime period - Stopped by Jacob Markstrom.
5:00 of 1st overtime period - SAN JOSE BRONCOS, Alexander Radulov.
5:00 of 1st overtime period - Stopped by Andrei Vasilevskiy.
5:00 of 1st overtime period - Round #2.
5:00 of 1st overtime period - SACRAMENTO BANDITS, Jonathan Huberdeau.
5:00 of 1st overtime period - Stopped by Jacob Markstrom.
5:00 of 1st overtime period - SAN JOSE BRONCOS, Evgeni Malkin.
5:00 of 1st overtime period - Stopped by Andrei Vasilevskiy.
5:00 of 1st overtime period - Round #3.
5:00 of 1st overtime period - SACRAMENTO BANDITS, Claude Giroux.
5:00 of 1st overtime period - Stopped by Jacob Markstrom.
5:00 of 1st overtime period - SAN JOSE BRONCOS, Zach Parise.
5:00 of 1st overtime period - Stopped by Andrei Vasilevskiy.
5:00 of 1st overtime period - Round #4.
5:00 of 1st overtime period - SACRAMENTO BANDITS, Jakub Voracek.
5:00 of 1st overtime period - Shot Misses the Net.
5:00 of 1st overtime period - SAN JOSE BRONCOS, Dustin Brown.
5:00 of 1st overtime period - Stopped by Andrei Vasilevskiy.
5:00 of 1st overtime period - Round #5.
5:00 of 1st overtime period - SACRAMENTO BANDITS, Jamie Benn.
5:00 of 1st overtime period - Stopped by Jacob Markstrom.
5:00 of 1st overtime period - SAN JOSE BRONCOS, Connor Brown.
5:00 of 1st overtime period - Shot Misses the Net.
5:00 of 1st overtime period - Round #6.
5:00 of 1st overtime period - SACRAMENTO BANDITS, Aleksander Barkov.
5:00 of 1st overtime period - Stopped by Jacob Markstrom.
5:00 of 1st overtime period - SAN JOSE BRONCOS, Mikko Koivu.
5:00 of 1st overtime period - Goal by Mikko Koivu.


RYAN
NUGENT-HOPKINS
THATCHER
DEMKO
MITCHELL
MARNER

EAST COAST

HOCKEY LEAGUE

  • 13.MAN3PIT5
  • 14.NHW2ATL3
  • 15.PET5WOR4
  • 16.RHI30
  • 17.QUECHI
  • 18.CHALIM
  • 19.TRVLON
  • 20.CHWBAL